[Event "Championnat de France Alpe d'Huez 2023 "]
[Site "ALPE D'HUEZ, France"]
[Date "2023.08.23"]
[Round "5.16"]
[White "GADOIS, Arnaud"]
[Black "DAVID, Iris"]
[Result "1-0"]
[ECO "B53"]
[WhiteElo "1628"]
[BlackElo "1678"]
[PlyCount "83"]
[EventDate "2023.08.??"]
[TimeControl "1/40+30:0"]

1. e4 {2} c5 {9} 2. Nf3 {5} d6 {16} 3. d4 {5} cxd4 {9} 4. Qxd4 {6} Nf6 {49} 5.
Nc3 {7} a6 {84} 6. Bg5 {122} e6 {147} 7. O-O-O {193} Nc6 {298} 8. Qd2 {34} Qc7
{70} 9. Be2 {105} b5 {52} 10. Bd3 {501} Qa5 {336} 11. Kb1 {62} Bb7 {205} 12.
Rhe1 {115} Rc8 {358} 13. e5 {201} b4 {189} 14. Ne4 {91} Nxe4 {142} 15. Bxe4 {12
} d5 {15} 16. Bd3 {111} Bc5 {229} 17. h4 {380} Qb6 {76} 18. Be3 {74} d4 {73}
19. Bg5 {17} a5 {49} 20. Qe2 {61} a4 {166} 21. Nd2 {170} Na5 {322} 22. Nc4 {321
} Nxc4 {169} 23. Bxc4 {9} Ra8 {299} 24. Bb5+ {211} Bc6 {11} 25. Bxc6+ {6} Qxc6
{6} 26. Qe4 {21} Qa6 {120} 27. Qd3 {190} Qb6 {15} 28. Qf3 {130} Ra6 {179} 29.
Rd3 {66} h6 {109} 30. Bc1 {299} Qa5 {778} 31. Bd2 {440} O-O {278} 32. Qg4 {234}
f5 {410} 33. Qg6 {259} Rf7 {174} 34. Rf3 {134} Kf8 {306} 35. g4 {131} f4 {283}
36. Re4 {150} Qc7 {110} 37. Rfxf4 {67} Rxf4 {37} 38. Rxf4+ {17} Kg8 {11} 39. g5
{126} hxg5 {30} 40. hxg5 {12} b3 {22} 41. Qe8+ {13} Bf8 {72} 42. Rxf8+ {6} 1-0

[Event "Championnat de France Alpe d'Huez 2023 "]
[Site "ALPE D'HUEZ, France"]
[Date "2023.08.24"]
[Round "6.13"]
[White "BEDUS, Nicolas"]
[Black "ELEZE, Greg"]
[Result "1/2-1/2"]
[ECO "B21"]
[WhiteElo "1670"]
[BlackElo "1610"]
[PlyCount "123"]
[EventDate "2023.08.??"]
[TimeControl "1/40+30:0"]

1. e4 {324} c5 {11} 2. d4 {24} cxd4 {24} 3. c3 {12} dxc3 {24} 4. Nxc3 {18} Nc6
{10} 5. Nf3 {12} e6 {78} 6. Bc4 {7} a6 {19} 7. Qe2 {42} Bb4 {686} 8. O-O {95}
Bxc3 {49} 9. bxc3 {5} Nge7 {63} 10. Bg5 {232} O-O {140} 11. Rfd1 {152} Qc7 {65}
12. Rd3 {328} Ng6 {87} 13. Bb3 {496} b5 {564} 14. Rad1 {49} Na5 {450} 15. Nd4 {
428} h6 {260} 16. Bc1 {455} Nf4 {947} 17. Bxf4 {366} Qxf4 {28} 18. g3 {8} Qg5 {
319} 19. h4 {79} Qc5 {437} 20. Bc2 {278} Nc4 {178} 21. g4 {115} Nb2 {240} 22.
Rg3 {256} Nxd1 {34} 23. Qxd1 {32} g6 {421} 24. Qd2 {109} Kg7 {168} 25. Qe3 {135
} d6 {205} 26. f4 {50} e5 {150} 27. fxe5 {439} Qxe5 {18} 28. Kh2 {922} Be6 {211
} 29. Nf5+ {221} Bxf5 {179} 30. gxf5 {6} Rac8 {161} 31. Bb3 {84} d5 {163} 32.
Bxd5 {28} Rc7 {70} 33. Kg1 {310} Rd8 {109} 34. Qf3 {98} Rxd5 {37} 35. exd5 {11}
Re7 {5} 36. fxg6 {53} fxg6 {42} 37. Kh2 {27} Rf7 {44} 38. Qd3 {24} Rf2+ {36}
39. Kh3 {5} Qf6 {30} 40. a3 {63} Rf1 {20} 41. Qd4 {31} Qxd4 {34} 42. cxd4 {26}
Rf5 {37} 43. Rd3 {152} Rxd5 {140} 44. Kg4 {38} a5 {563} 45. Kf4 {87} Kf6 {61}
46. Ke4 {106} Rh5 {193} 47. Rc3 {129} Rxh4+ {63} 48. Kd5 {6} Rh5+ {120} 49. Kc6
{14} b4 {260} 50. axb4 {343} axb4 {60} 51. Re3 {29} Rh4 {103} 52. d5 {15} Rc4+
{180} 53. Kd7 {364} Rd4 {108} 54. d6 {19} h5 {159} 55. Kc7 {17} h4 {54} 56. d7
{30} Rc4+ {38} 57. Kd6 {22} Rd4+ {58} 58. Kc7 {23} Rc4+ {37} 59. Kd6 {28} Rd4+
{23} 60. Kc7 {9} Rxd7+ {123} 61. Kxd7 g5 {2} 62. Kd6 {1} 1/2-1/2

[Event "Championnat de France Alpe d'Huez 2023 "]
[Site "ALPE D'HUEZ, France"]
[Date "2023.08.24"]
[Round "6.14"]
[White "MUSICKI, Nicolas"]
[Black "GREISSLER, Raphael"]
[Result "1-0"]
[ECO "B61"]
[WhiteElo "1619"]
[BlackElo "1667"]
[PlyCount "35"]
[EventDate "2023.08.??"]
[TimeControl "1/40+30:0"]

1. e4 {1} c5 {8} 2. Nf3 {4} Nc6 {6} 3. d4 {8} cxd4 {7} 4. Nxd4 {4} Nf6 {9} 5.
Nc3 {3} d6 {6} 6. Bg5 {4} Bd7 {11} 7. Qd2 {238} Rc8 {14} 8. f4 {170} Nxd4 {22}
9. Qxd4 {23} Qa5 {11} 10. e5 {875} dxe5 {9} 11. fxe5 {10} e6 {5} 12. Bd2 {544}
Bc5 {1017} 13. Qf4 {297} Nh5 {216} 14. Qh4 {439} g6 {58} 15. Ne4 {456} Qc7 {245
} 16. Nd6+ {550} Bxd6 {74} 17. exd6 Qxc2 18. Qe7# 1-0

[Event "Championnat de France Alpe d'Huez 2023 "]
[Site "ALPE D'HUEZ, France"]
[Date "2023.08.24"]
[Round "6.15"]
[White "TELLERIA, Kelian"]
[Black "GADOIS, Arnaud"]
[Result "1-0"]
[ECO "C55"]
[WhiteElo "1657"]
[BlackElo "1628"]
[PlyCount "85"]
[EventDate "2023.08.??"]
[TimeControl "1/40+30:0"]

1. e4 {2} e5 {15} 2. Nf3 {5} Nc6 {5} 3. Bc4 {4} Nf6 {4} 4. d3 {5} Be7 {4} 5.
O-O {6} O-O {6} 6. Re1 {4} d6 {115} 7. c3 {23} h6 {105} 8. Nbd2 {195} Bg4 {305}
9. Nf1 {129} d5 {502} 10. exd5 {191} Nxd5 {131} 11. h3 {62} Bh5 {21} 12. Ng3 {
88} Bg6 {111} 13. Bb5 {692} f6 {1032} 14. Nh4 {141} Bf7 {314} 15. Nhf5 {79} Kh7
{311} 16. d4 {1338} Bd6 {272} 17. Qg4 {99} Bg6 {393} 18. Qh4 {181} Nf4 {114}
19. Nxd6 {357} Qxd6 {58} 20. Bxf4 {360} exf4 {111} 21. Ne2 {119} f3 {336} 22.
gxf3 {80} Qd5 {264} 23. Bxc6 {13} Qxc6 {9} 24. Nf4 {420} Qxf3 {160} 25. Nxg6 {
34} Kxg6 {12} 26. Re3 {67} Qd5 {77} 27. Qg3+ {35} Qg5 {25} 28. Re7 {25} Qxg3+ {
39} 29. fxg3 {7} Rf7 {53} 30. Rae1 {16} h5 {63} 31. Kf2 {57} Rc8 {89} 32. Kf3 {
67} Rd8 {85} 33. R1e4 {79} Rh8 {142} 34. h4 {82} Rxe7 {60} 35. Rxe7 {10} Rc8 {
29} 36. Kf4 {162} a6 {96} 37. d5 {92} b6 {264} 38. a4 {25} c6 {137} 39. d6 {40}
Rd8 {28} 40. d7 {15} a5 {290} 41. b3 {27} b5 {31} 42. c4 {13} b4 {50} 43. c5 {
12} 1-0

[Event "Championnat de France Alpe d'Huez 2023 "]
[Site "ALPE D'HUEZ, France"]
[Date "2023.08.24"]
[Round "6.16"]
[White "PAGE, Noah"]
[Black "OLIVIER-POUCHIN, Titouan"]
[Result "1-0"]
[ECO "C45"]
[WhiteElo "1735"]
[BlackElo "1708"]
[PlyCount "57"]
[EventDate "2023.08.??"]
[TimeControl "1/40+30:0"]

1. e4 {1} e5 {5} 2. Nf3 {3} Nc6 {3} 3. d4 {4} exd4 {6} 4. Nxd4 {4} Bc5 {6} 5.
Nb3 {3} Bb6 {249} 6. Qe2 {32} d6 {122} 7. Nc3 {6} Nge7 {225} 8. Be3 {49} Bxe3 {
67} 9. Qxe3 {5} Be6 {38} 10. O-O-O {332} O-O {170} 11. f4 {612} Bxb3 {97} 12.
axb3 {18} Qc8 {35} 13. Bc4 {1126} a6 {135} 14. h3 {866} b5 {9} 15. Bd3 {133}
Re8 {250} 16. Qf2 {270} b4 {134} 17. Nd5 {96} Qb7 {35} 18. Qh4 {787} Ng6 {65}
19. Qg5 {93} Nce7 {263} 20. f5 {259} Nxd5 {63} 21. fxg6 {41} Nf6 {73} 22. gxf7+
{18} Kxf7 {25} 23. Bc4+ {46} Kf8 {36} 24. Rhf1 {60} Rxe4 {241} 25. Bd5 {146}
Qb5 {115} 26. Rxf6+ {125} gxf6 {2} 27. Qxf6+ {57} Ke8 {3} 28. Bxe4 {70} Qa5 {39
} 29. Bc6# {14} 1-0

[Event "Championnat de France Alpe d'Huez 2023 "]
[Site "ALPE D'HUEZ, France"]
[Date "2023.08.25"]
[Round "7.13"]
[White "TELLERIA, Kelian"]
[Black "MUSICKI, Nicolas"]
[Result "1-0"]
[ECO "B23"]
[WhiteElo "1657"]
[BlackElo "1619"]
[PlyCount "75"]
[EventDate "2023.08.??"]
[TimeControl "1/40+30:0"]

1. e4 {2} c5 {11} 2. Nc3 {6} a6 {4} 3. g3 {8} b5 {6} 4. Bg2 {8} Bb7 {6} 5. d3 {
9} e6 {95} 6. f4 {15} b4 {231} 7. Nce2 {33} d5 {15} 8. e5 {405} Nc6 {165} 9.
Nf3 {118} g6 {23} 10. O-O {65} h5 {116} 11. d4 {991} Nh6 {50} 12. Be3 {208} Ng4
{302} 13. Bf2 {270} Rc8 {214} 14. h3 {76} Nxf2 {17} 15. Rxf2 {16} cxd4 {236}
16. Nexd4 {85} Bc5 {12} 17. Rd2 {41} Qb6 {510} 18. Kh2 {129} Na5 {239} 19. b3 {
346} Nc6 {60} 20. Rc1 {814} a5 {463} 21. Nxc6 {245} Rxc6 {87} 22. Bf1 {367} h4
{612} 23. Nd4 {661} hxg3+ {1067} 24. Kxg3 {65} Bxd4 {117} 25. Rxd4 {28} Qd8 {
220} 26. Qg4 {165} Qc7 {187} 27. Bb5 {239} Kf8 {31} 28. Bxc6 {38} Qxc6 {19} 29.
Qf3 {118} Kg7 {138} 30. c4 {107} Qc5 {72} 31. Qe3 {119} Rc8 {32} 32. Qf2 {216}
Ra8 {188} 33. Rdd1 {45} Qe7 {159} 34. cxd5 {104} Rh8 {22} 35. Kh2 {30} Bxd5 {8}
36. f5 {116} gxf5 {58} 37. Rg1+ {28} Kh7 {416} 38. Qg3 {33} 1-0

[Event "Championnat de France Alpe d'Huez 2023 "]
[Site "ALPE D'HUEZ, France"]
[Date "2023.08.25"]
[Round "7.14"]
[White "ELEZE, Greg"]
[Black "PAGE, Noah"]
[Result "0-1"]
[ECO "D34"]
[WhiteElo "1610"]
[BlackElo "1735"]
[PlyCount "118"]
[EventDate "2023.08.??"]
[TimeControl "1/40+30:0"]

1. d4 {4} d5 {4} 2. c4 {2} e6 {3} 3. Nf3 {14} c5 {4} 4. cxd5 {19} exd5 {6} 5.
g3 {33} Nc6 {7} 6. Bg2 {38} Nf6 {10} 7. O-O {15} Be7 {4} 8. Nc3 {120} O-O {7}
9. dxc5 {523} Bxc5 {11} 10. Bf4 {13} a6 {100} 11. Ne5 {414} Nxe5 {2096} 12.
Bxe5 {24} d4 {222} 13. Bxf6 {139} Qxf6 {29} 14. Ne4 {13} Qe7 {55} 15. Nxc5 {19}
Qxc5 {4} 16. Qd2 {554} Qb6 {297} 17. Rfd1 {122} Rd8 {70} 18. Rac1 {221} Be6 {
182} 19. b3 {251} Rd7 {221} 20. Rc2 {323} Re8 {185} 21. Qf4 {249} h6 {616} 22.
Rdc1 {159} d3 {271} 23. exd3 {402} Rxd3 {134} 24. Bf1 {706} Rd4 {417} 25. Qc7 {
177} Qxc7 {131} 26. Rxc7 {2} Red8 {24} 27. h4 {951} Rd1 {145} 28. Kg2 {243}
Rxc1 {77} 29. Rc6 {2} Rc3 30. Rxc3 {0} Rd3 {16} 31. Rc1 Rd2 {0} 32. Ra1 {242}
Bd5+ {40} 33. Kg1 {17} Kf8 {80} 34. Bg2 {11} Bxg2 {45} 35. Kxg2 {0} Ke7 {45}
36. Kf3 {64} Kd6 {91} 37. Ke3 {38} Rc2 {38} 38. Rd1+ {229} Ke6 {45} 39. Rd2 {37
} Rxd2 {268} 40. Kxd2 {1} Ke5 {122} 41. Ke3 {31} g5 {214} 42. hxg5 {53} hxg5 {4
} 43. f4+ {124} gxf4+ {1020} 44. gxf4+ {25} Kd5 {566} 45. Kd3 {152} a5 {145}
46. a3 {97} b5 {55} 47. Ke3 {1145} a4 {87} 48. b4 {168} Kc4 {142} 49. Ke4 {2}
Kb3 {5} 50. Ke5 {121} Kxa3 {10} 51. Kf6 {5} Kxb4 {36} 52. Kxf7 {13} a3 {12} 53.
f5 {1} a2 {8} 54. f6 {11} a1=Q {10} 55. Kg6 {225} Qg1+ {13} 56. Kh7 {11} Qf2 {
18} 57. Kg7 {12} Kc3 {10} 58. f7 {26} Qxf7+ {12} 59. Kxf7 {2} b4 {12} 0-1

[Event "Championnat de France Alpe d'Huez 2023 "]
[Site "ALPE D'HUEZ, France"]
[Date "2023.08.25"]
[Round "7.15"]
[White "MARTIN, Alix"]
[Black "BENOUARET, Idir"]
[Result "1/2-1/2"]
[ECO "C65"]
[WhiteElo "1729"]
[BlackElo "1720"]
[PlyCount "110"]
[EventDate "2023.08.??"]
[TimeControl "1/40+30:0"]

1. e4 {0} e5 {8} 2. Nf3 {4} Nc6 {8} 3. Bb5 {3} Nf6 {28} 4. d3 {9} Bc5 {17} 5.
c3 {15} O-O {100} 6. Bxc6 {68} bxc6 {17} 7. Nxe5 {29} d5 {32} 8. exd5 {648} Re8
{116} 9. d4 {43} Rxe5+ {91} 10. dxe5 {104} Ng4 {13} 11. Be3 {1261} Nxe3 {50}
12. fxe3 {103} Qh4+ {6} 13. Kd2 {179} Qe4 {2394} 14. Qf3 {310} Bxe3+ {169} 15.
Ke1 {576} Qxe5 {208} 16. Nd2 {296} Ba6 {420} 17. Kd1 {112} Re8 {331} 18. Re1 {
472} cxd5 {160} 19. Nf1 {200} d4 {263} 20. Nxe3 {161} dxe3 {17} 21. Kc2 {89} e2
{226} 22. b3 {73} c5 {384} 23. c4 {71} Bc8 {83} 24. g4 {239} Qxh2 {186} 25.
Rac1 {124} Qe5 {254} 26. Kb1 {274} Qe4+ {103} 27. Qxe4 {14} Rxe4 {1} 28. g5 {
125} Bf5 {137} 29. Kb2 {9} f6 {42} 30. gxf6 {14} gxf6 {2} 31. Kc3 {78} Bg4 {107
} 32. Kd2 {57} f5 {122} 33. Rg1 {77} h5 {60} 34. Rc3 {30} f4 {85} 35. Ke1 {12}
Rd4 {138} 36. Kf2 {103} Rd1 {24} 37. Re1 {55} Kf7 {47} 38. Rxe2 {29} Bxe2 {49}
39. Kxe2 {6} Rh1 {39} 40. Rf3 {31} Rh2+ {47} 41. Kd3 {22} Rh4 {462} 42. Ke4 {
249} Ke6 {145} 43. Rf2 {19} Rg4 {491} 44. Rd2 {31} Rg8 {548} 45. Kxf4 {46} Rg4+
{63} 46. Kf3 {16} Rd4 {22} 47. Rh2 {66} h4 {12} 48. Re2+ {289} Kf5 {40} 49. Re7
{55} Rd2 {154} 50. Rxa7 {227} h3 {12} 51. Rh7 {96} Rd3+ {53} 52. Kf2 {383} Kf4
{13} 53. Rh4+ {91} Kg5 {26} 54. Rh8 {22} Kf4 {6} 55. Rh4+ {98} Ke5 {128}
1/2-1/2

[Event "Championnat de France Alpe d'Huez 2023 "]
[Site "ALPE D'HUEZ, France"]
[Date "2023.08.25"]
[Round "7.16"]
[White "ESTIN-CHARBONNEL, Lucie"]
[Black "BEDUS, Nicolas"]
[Result "0-1"]
[ECO "B23"]
[WhiteElo "1694"]
[BlackElo "1670"]
[PlyCount "94"]
[EventDate "2023.08.??"]
[TimeControl "1/40+30:0"]

1. e4 {0} c5 {15} 2. Nc3 {5} Nc6 {21} 3. Bb5 {5} d6 {26} 4. Bxc6+ {22} bxc6 {10
} 5. d3 {7} e5 {22} 6. f4 {44} exf4 {638} 7. Bxf4 {318} Ne7 {254} 8. Nf3 {949}
h6 {477} 9. O-O {561} Bg4 {1157} 10. d4 {519} cxd4 {782} 11. Qxd4 {143} Ng6 {11
} 12. Bg3 {128} Qb6 {68} 13. Qxb6 {665} axb6 {13} 14. Nd4 {33} Bd7 {146} 15.
Nf5 {314} Ne5 {212} 16. Rad1 {478} Bxf5 {177} 17. exf5 {339} f6 {92} 18. Bf2 {
435} Ra6 {108} 19. a3 {49} Kd7 {76} 20. Rd4 {384} Be7 {313} 21. Rfd1 {134} Kc7
{81} 22. Ne2 {129} Rg8 {430} 23. Nf4 {183} Kd7 {34} 24. Bg3 {120} d5 {61} 25.
Kf1 {172} Bc5 {182} 26. Re4 {28} Kc8 {92} 27. Re2 {37} Nc4 {80} 28. Rde1 {37}
Nxb2 {255} 29. Re8+ {5} Rxe8 {17} 30. Rxe8+ {4} Kb7 {36} 31. Ne6 {52} Ra8 {51}
32. Nxc5+ {16} bxc5 {12} 33. Re7+ {7} Kb6 {93} 34. Rxg7 {12} Nd1 {78} 35. Bf4 {
51} Nc3 {31} 36. Bxh6 {36} Rxa3 {14} 37. Rg6 {53} Ne4 {15} 38. Bg7 {22} Rc3 {78
} 39. h4 {46} Rxc2 {64} 40. h5 {17} Rf2+ {111} 41. Kg1 {42} c4 {37} 42. Bxf6 {
50} Rxf5 {85} 43. Bd8+ {53} Kb5 {49} 44. h6 {205} c3 {304} 45. h7 {54} Rh5 {66}
46. Rg7 {174} c2 {28} 47. Rb7+ {7} Kc4 {22} 0-1

[Event "Championnat de France Alpe d'Huez 2023 "]
[Site "ALPE D'HUEZ, France"]
[Date "2023.08.26"]
[Round "8.13"]
[White "BEDUS, Nicolas"]
[Black "TELLERIA, Kelian"]
[Result "1-0"]
[ECO "A04"]
[WhiteElo "1670"]
[BlackElo "1657"]
[PlyCount "127"]
[EventDate "2023.08.??"]
[TimeControl "1/40+30:0"]

1. Nf3 {33} f5 {13} 2. e4 {485} fxe4 {40} 3. Ng5 {21} Nf6 {354} 4. d3 {130} d5
{1072} 5. dxe4 {231} h6 {80} 6. Nf3 {387} dxe4 {334} 7. Qxd8+ {34} Kxd8 {23} 8.
Ne5 {18} Be6 {380} 9. Nc3 {803} Nbd7 {597} 10. Nxd7 {226} Bxd7 {159} 11. Bf4 {
281} e6 {368} 12. O-O-O {0} Bc5 {197} 13. Bc4 {393} Ke7 {319} 14. Rd2 {735} Bc6
{304} 15. Re2 {107} Bd6 {271} 16. Bg3 {70} Bxg3 {572} 17. hxg3 {109} Bd5 {101}
18. Bxd5 {444} exd5 {10} 19. f3 {16} Kf7 {134} 20. fxe4 {50} dxe4 {98} 21. Nxe4
{50} Rhe8 {113} 22. Rhe1 {84} Nxe4 {68} 23. Rxe4 {4} Rxe4 {10} 24. Rxe4 {3} Re8
{26} 25. Rxe8 {162} Kxe8 {5} 26. Kd2 {14} Ke7 {101} 27. Ke3 {28} Kf6 {101} 28.
Kf4 {67} g5+ {129} 29. Ke4 {17} Ke6 {39} 30. g4 {74} c5 {93} 31. c4 {52} a6 {48
} 32. a4 {260} a5 {82} 33. b3 {8} b6 {10} 34. g3 {10} Ke7 {234} 35. Ke5 {13}
Kf7 {10} 36. Kd5 {148} Kg6 {42} 37. Kc6 {85} h5 {24} 38. gxh5+ {265} Kxh5 {0}
39. Kxb6 {31} Kg4 {12} 40. Kxa5 {95} Kxg3 {11} 41. Kb5 {11} Kf4 {81} 42. a5 {7}
g4 {23} 43. a6 {4} g3 {11} 44. a7 {5} g2 {33} 45. a8=Q {7} g1=Q {8} 46. Qf8+ {
53} Ke4 {56} 47. Qxc5 {68} Qg3 {196} 48. b4 {147} Qb8+ {110} 49. Qb6 {12} Qe5+
{31} 50. c5 {21} Kf5 {255} 51. Ka6 {552} Qa1+ {139} 52. Kb7 {86} Qg7+ {125} 53.
Qc7 {18} Qb2 {230} 54. Qd7+ {35} Ke4 {82} 55. b5 {12} Qe5 {122} 56. b6 {69} Ke3
{560} 57. c6 {29} Qe4 {19} 58. Kb8 {259} Qe5+ {217} 59. c7 {150} Kf4 {50} 60.
Qc6 {25} Kg5 {111} 61. Kb7 {7} Qe7 {24} 62. Qd5+ {56} Kg6 {34} 63. Kb8 {45} Qb4
{81} 64. Qc6+ {16} 1-0

[Event "Championnat de France Alpe d'Huez 2023 "]
[Site "ALPE D'HUEZ, France"]
[Date "2023.08.26"]
[Round "8.14"]
[White "PAGE, Noah"]
[Black "MARTIN, Alix"]
[Result "1-0"]
[ECO "C45"]
[WhiteElo "1735"]
[BlackElo "1729"]
[PlyCount "95"]
[EventDate "2023.08.??"]
[TimeControl "1/40+30:0"]

1. e4 {2} e5 {5} 2. Nf3 {4} Nc6 {6} 3. d4 {4} exd4 {4} 4. Nxd4 {3} Nf6 {6} 5.
Nxc6 {4} bxc6 {6} 6. e5 {3} Qe7 {10} 7. Qe2 {3} Nd5 {6} 8. h4 {3} Qe6 {25} 9.
Nd2 {130} Nb4 {785} 10. Nf3 {1385} Ba6 {110} 11. c4 {139} Bxc4 {1291} 12. Qxc4
{33} Qxc4 {10} 13. Bxc4 {4} Nc2+ {13} 14. Kd1 {322} Nxa1 {10} 15. b3 {276} d5 {
245} 16. exd6 {250} O-O-O {48} 17. Bb2 {430} Bxd6 {109} 18. Bxa1 {308} f6 {109}
19. Ba6+ {239} Kb8 {26} 20. Kc2 {26} Bc5 {44} 21. Rf1 {260} Rhe8 {67} 22. b4 {
323} Bf8 {227} 23. Bd4 {349} Rd5 {407} 24. Bc4 {273} Rd7 {27} 25. b5 {107} Re4
{1001} 26. Kc3 {121} c5 {305} 27. Be3 {19} Kb7 {255} 28. g3 {139} Kb6 {254} 29.
Nd2 {119} Re8 {55} 30. a4 {60} Red8 {91} 31. a5+ {102} Kxa5 {156} 32. Ra1+ {22}
Kb6 {7} 33. Nb3 {46} Rd1 {266} 34. Ra6+ {179} Kb7 {5} 35. Na5+ {40} Kc8 {179}
36. Be6+ {10} R8d7 {17} 37. Rxa7 {192} Kd8 {7} 38. Nc6+ {55} Ke8 {51} 39. Ra8+
{36} Rd8 {9} 40. Rxd8+ {44} Rxd8 {9} 41. Nxd8 {7} Kxd8 {13} 42. Kc4 {17} Bd6 {
36} 43. Bxc5 {297} Be5 {9} 44. h5 {240} g6 {172} 45. Bd4 {235} Bxd4 {66} 46.
Kxd4 {44} Ke7 {12} 47. hxg6 {33} hxg6 {18} 48. Kd5 {12} 1-0

[Event "Championnat de France Alpe d'Huez 2023 "]
[Site "ALPE D'HUEZ, France"]
[Date "2023.08.26"]
[Round "8.15"]
[White "BENOUARET, Idir"]
[Black "BEAUVOIS, Benjamin"]
[Result "1-0"]
[ECO "C58"]
[WhiteElo "1720"]
[BlackElo "1744"]
[PlyCount "79"]
[EventDate "2023.08.??"]
[TimeControl "1/40+30:0"]

1. e4 {2} e5 {9} 2. Nf3 {9} Nc6 {4} 3. Bc4 {29} Nf6 {6} 4. Ng5 {141} d5 {6} 5.
exd5 {5} Na5 {5} 6. Bb5+ {5} c6 {5} 7. dxc6 {2} bxc6 {6} 8. Bd3 {8} h6 {322} 9.
Ne4 {90} Nd5 {5} 10. O-O {603} Nf4 {493} 11. Be2 {45} f5 {31} 12. Ng3 {159} Qd5
{352} 13. Bf3 {374} e4 {32} 14. Nc3 {417} Qd6 {234} 15. Re1 {819} Be7 {201} 16.
Bh5+ {315} g6 {421} 17. Be2 {49} Kf7 {43} 18. d3 {113} exd3 {289} 19. Bxf4 {80}
Qxf4 {1} 20. Bxd3 {129} Bc5 {196} 21. Rf1 {195} Be6 {148} 22. a3 {151} Nb7 {419
} 23. Nce2 {393} Qg5 {156} 24. b4 {168} Bb6 {129} 25. c4 {230} c5 {358} 26. Qc2
{107} Rac8 {172} 27. b5 {121} h5 {151} 28. Rfe1 {500} Nd6 {180} 29. Nf1 {95} h4
{286} 30. Nd2 {94} h3 {183} 31. g3 {17} Ba5 {13} 32. Nf3 {201} Qf6 {72} 33.
Reb1 {162} Rhe8 {285} 34. Nf4 {97} g5 {130} 35. Nxh3 {209} Rh8 {102} 36. Nhxg5+
{40} Ke7 {63} 37. Qe2 {123} Rcg8 {16} 38. Qxe6+ {169} Qxe6 {2} 39. Nxe6 {7}
Kxe6 {4} 40. Rd1 {114} 1-0

[Event "Championnat de France Alpe d'Huez 2023 "]
[Site "ALPE D'HUEZ, France"]
[Date "2023.08.26"]
[Round "8.16"]
[White "MUSICKI, Nicolas"]
[Black "BRIKAS, Alexandre"]
[Result "1-0"]
[ECO "B90"]
[WhiteElo "1619"]
[BlackElo "1625"]
[PlyCount "81"]
[EventDate "2023.08.??"]
[TimeControl "1/40+30:0"]

1. e4 {0} c5 {58} 2. Nf3 {6} d6 {28} 3. d4 {5} cxd4 {15} 4. Nxd4 {8} Nf6 {19}
5. Nc3 {7} a6 {34} 6. f3 {8} e5 {41} 7. Nb3 {6} Be6 {51} 8. Be3 {11} Be7 {26}
9. Qd2 {15} h5 {22} 10. Be2 {0} Nbd7 {49} 11. O-O {13} Qc7 {151} 12. Rfd1 {98}
Nb6 {90} 13. a4 {426} Nc4 {133} 14. Bxc4 {9} Bxc4 {19} 15. a5 {333} O-O {74}
16. Nd5 {299} Bxd5 {101} 17. exd5 {103} h4 {285} 18. Ra4 {178} Qd7 {311} 19.
Rb4 {84} Rac8 {76} 20. h3 {174} Nh5 {123} 21. c3 {123} f5 {207} 22. f4 {331}
Bf6 {1112} 23. fxe5 {375} dxe5 {22} 24. Nc5 {173} Qf7 {102} 25. Rxb7 {250} Qg6
{45} 26. Ne6 {196} Rf7 {89} 27. Rxf7 {31} Qxf7 {32} 28. Qe2 {419} f4 {206} 29.
Bf2 {40} Qg6 {45} 30. d6 {158} Rc6 {363} 31. Nc5 {183} Rxc5 {661} 32. Bxc5 {36}
Ng3 {9} 33. Qxa6 {175} f3 {140} 34. Qa8+ {11} Kh7 {25} 35. Qxf3 {12} e4 {19}
36. Qg4 {55} Qf7 {74} 37. d7 {108} Bd8 {283} 38. Bb6 {19} Qf6 {221} 39. Bxd8 {
45} Qxd8 {6} 40. Rd5 {148} g6 {64} 41. Rd6 {111} 1-0